 Dungeon Crawl Stone Soup version 0.27-a0-1081-ge8a0a9c698 (webtiles) character file.

Game seed: 13207913834950358032

80 heikuro the Skirmisher (level 4, -3/37 HPs)
             Began as a Formicid Abyssal Knight on Apr 26, 2021.
             Was a Believer of Lugonu.
             Killed by divine providence
             ... invoked by an orc priest
              (12 damage)
             ... on level 3 of the Dungeon.
             The game lasted 00:06:06 (3686 turns).

heikuro the Skirmisher (Formicid Abyssal Knight)    Turns: 3686, Time: 00:06:07

Health: -3/37      AC:  8    Str: 17    XL:     4   Next: 65%
Magic:  6/6        EV: 10    Int: 12    God:    Lugonu [**....]
Gold:   86         SH:  0    Dex: 10    Spells: 3/3 levels left

rFire    . . .     SeeInvis +   a - +1 hand axe
rCold    . . .     Faith    .   (no shield)
rNeg     . . .     Spirit   .   o - +0 ring mail
rPois    .         Reflect  .   (helmet unavailable)
rElec    .         Harm     .   i - +2 cloak
rCorr    .         Rampage  .   (no gloves)
Will     .....                  (no boots)
Stlth    ..........             (no amulet)
HPRegen  0.12/turn              (no ring)
MPRegen  0.10/turn              (no ring)

@: no status effects
A: permanent stasis, dig shafts and tunnels, antennae 3, four strong arms
a: Dig, Shaft Self, Renounce Religion, Depart the Abyss, Bend Space


You were on level 3 of the Dungeon.
You worshipped Lugonu.
Lugonu was pleased with you.
You visited 1 branch of the dungeon, and saw 3 of its levels.
You visited the Abyss 1 time.

You collected 86 gold pieces.

Inventory:

Hand Weapons
 a - a +1 hand axe (weapon)
Missiles
 c - 20 sling bullets
 f - 5 boomerangs (quivered)
Armour
 i - a +2 cloak (worn)
 o - a +0 ring mail (worn)
Scrolls
 b - a scroll of identify {unknown}
 d - a scroll of vulnerability {unknown}
 e - a scroll of amnesia {unknown}
 j - a scroll of holy word {unknown}
 l - a scroll of immolation {unknown}
 m - a scroll of magic mapping {unknown}
Potions
 g - a potion of invisibility {unknown}
 h - a potion of heal wounds
 k - a potion of ambrosia {unknown}
 n - a potion of degeneration {unknown}


   Skills:
 + Level 3.8 Fighting
 * Level 3.1 Axes
 + Level 3.0 Armour
 - Level 1.0 Dodging
 + Level 3.0 Invocations


You had 3 spell levels left.
You didn't know any spells.
Your spell library contained the following spells:

 Spells                   Type           Power      Damage    Failure   Level
 Animate Skeleton         Necr           0%         N/A       52%         1
 Pain                     Necr           0%         1d4       52%         1
 Vampiric Draining        Necr           0%         2d6       87%         3
 Animate Dead             Necr           0%         N/A       99%         4
 Agony                    Necr           0%         N/A       100%        5


Dungeon Overview and Level Annotations

Branches:
Dungeon (3/15)

Altars:


Innate Abilities, Weirdness & Mutations

You cannot be hasted, slowed, berserked, paralysed or teleported.
You can dig through walls and to a lower floor.
You have a pair of large antennae on your head. (SInv)
Your four strong arms can wield two-handed weapons with a shield.


Message History

The orc hits you but does no damage.
You hit the orc but do no damage.
The orc is almost dead.
The orc closely misses you.
You hit the orc but do no damage.
The orc is severely wounded.
The orc closely misses you. The orc hits you but does no damage.
You hit the orc.
The orc is almost dead.
The orc closely misses you.
You hit the orc.
You kill the orc!
Lugonu accepts your kill.
Your Armour skill increases to level 3!
You hit the orc.
The orc is moderately wounded.
The orc hits you with a +0 hand axe.
You are too injured to fight recklessly!
You are too injured to fight recklessly!
You are too injured to fight recklessly!
You hit the orc.
The orc is almost dead.
The orc hits you with a +0 hand axe.
You hit the orc.
You kill the orc!
Lugonu accepts your kill.
You start resting.
An orc priest comes into view. It is wielding a +0 flail.
The orc priest shouts!
You hear a shout!
An orc priest comes into view. It is wielding a +0 hand axe.
The orc priest invokes the aid of Beogh against you.
Pain shoots through your body!
* * * LOW HITPOINT WARNING * * *
You extend your mandibles.
You dig through the rock wall.
An orc comes into view. It is wielding a +0 hand axe.
You dig through the rock wall.
The orc priest calls down the wrath of Beogh upon you.
Beogh smites you!
You die...

#.#.#
.##.########
#[#.# .#.# #
#†')# ..# #
###o# #.# #
#.## ##.# #
#.⌠#####⌠.#
#
##o.o..).##
##.#######
#@## ###


You could see 2 orc priests.

Vanquished Creatures
  A gnoll (D:1)
  An adder (D:2)
  2 worms (D:2)
  2 dart slugs (D:2)
  3 orcs (D:3)
  8 endoplasms
  A giant cockroach (D:1)
  5 goblins
  4 hobgoblins
  2 quokkas
  5 ball pythons
  3 bats
  4 frilled lizards
  2 kobolds (D:1)
  6 rats
49 creatures vanquished.

Notes
Turn   | Place    | Note
-------+----------+-------------------------------------------
     0 | Abyss:1  | heikuro the Formicid Abyssal Knight began the quest for the
                  | Orb.
     0 | Abyss:1  | Reached XP level 1. HP: 18/18 MP: 2/2
    29 | Abyss:1  | Noticed a large abomination
    30 | D:1      | Escaped the Abyss
   207 | D:1      | Reached * piety under Lugonu
   208 | D:1      | Reached skill level 1 in Dodging
   371 | D:1      | Reached XP level 2. HP: 17/24 MP: 3/3
   993 | D:1      | Reached XP level 3. HP: 29/29 MP: 4/4
  2109 | D:2      | Reached XP level 4. HP: 36/37 MP: 6/6
  2232 | D:2      | Reached ** piety under Lugonu
  3686 | D:3      | Killed from afar by an orc priest

Illustrated notes

Levels and vault maps discovered:
D:1:      ebering_trefoil_twist, layout_loops_corners, minmay_ruptured
D:2:      layout_loops_ring
D:3:      layout_basic, grunt_ministairs_11

Skill      XL: |  1  2  3  4 |
---------------+-------------+-----
Dodging        | 1 |  1.0
Axes           | 3 |  3.1
Invocations    | 3 |  3.0
Armour         | 3 |  3.0
Fighting       | |  3.8

Action                   |  1- 3 |  4- 6 || total
-------------------------+-------+-------++-------
Melee: Hand axe          |    65 |    49 ||   114
       Dagger            |    28 |    40 ||    68
Throw: Boomerang         |     6 |       ||     6
Invok: Depart the Abyss  |     1 |       ||     1
       Bend Space        |       |     1 ||     1
 Abil: Dig               |     1 |     1 ||     2
Armor: Leather armour    |    16 |     6 ||    22
       Ring mail         |       |    19 ||    19
Dodge: Dodged            |    54 |    38 ||    92

Table legend: (Time is in decaauts)
 A = Elapsed time spent in this place.
 B = Non-inter-level travel time spent in this place.
 C = Inter-level travel time spent in this place.
 D = Time resting spent in this place.
 E = Time spent auto-exploring this place.
 F = Levels seen in this place.
 G = Mean time per level.
                   A        B        C        D        E       F      G
               +--------+--------+--------+--------+--------+-----+--------+
         Total |   3706 |   3610 |     96 |   1435 |   1451 |   4 |  926.5 |
       Dungeon |   3676 |   3580 |     96 |   1435 |   1451 |   3 | 1225.3 |
         Abyss |     30 |     30 |      0 |      0 |      0 |   1 |   30.0 |
               +--------+--------+--------+--------+--------+-----+--------+

Top non-repeatable levels by time:
     D:1: 1689 daAuts
     D:2: 1510 daAuts
     D:3: 476 daAuts
 Abyss:1: 30 daAuts
